 Dungeon Crawl Stone Soup version 0.31-a0-675-g238779eb0a (webtiles) character file.

Game seed: 1515267038543976486

1763 qw the Skirmisher (level 9, -2/55 HPs)
             Began as a Gargoyle Hunter on Sept 5, 2023.
             Was a Follower of Okawaru.
             Slain by Maggie
             ... wielding the +9 lance "Wyrmbane" {slay drac, rPois rF+ rC+ AC+3}
              (11 damage)
             ... on level 7 of the Dungeon.
             The game lasted 00:02:18 (4659 turns).

qw the Skirmisher (Gargoyle Hunter)                 Turns: 4659, Time: 00:02:19

Health: -2/55      AC: 15    Str: 14    XL:     9   Next: 7%
Magic:  11/12      EV: 14    Int: 11    God:    Okawaru [*.....]
Gold:   338        SH:  0    Dex: 17    Spells: 8/8 levels left

rFire   . . .        Y - +0 shortbow
rCold   . . .        (shield currently unavailable)
rNeg    + . .        a - +0 ring mail
rPois   inf          (no helmet)
rElec   +            c - +0 cloak
rCorr   .            f - +0 pair of gloves
SInv    .            (no boots)
Will    .....        b - amulet of regeneration
Stlth   +++          (no ring)
HPRegen 1.09/turn    (no ring)
MPRegen 0.13/turn

%: no passive effects
@: about to teleport, heroic, mesmerised
A: sickness immunity, AC +6, negative energy resistance 1, electricity
resistance, torment resistance 1, petrification resistance
a: Renounce Religion, Heroism


You were on level 7 of the Dungeon.
You worshipped Okawaru.
Okawaru was aware of your devotion.
You visited 1 branch of the dungeon, and saw 7 of its levels.

You collected 338 gold pieces.


Innate Abilities, Weirdness & Mutations

You are immune to sickness and miasma.
Your stone body is resilient. (AC +6)
You are immune to poison.
You resist negative energy. (rN+)
You are resistant to electric shocks. (rElec)
You are resistant to unholy torment.
You are immune to petrification.


   Skills:
 - Level 6.2(11.2) Fighting
 + Level 9.4(14.4) Ranged Weapons
 - Level 3.0(8.0) Armour
 - Level 2.0(7.0) Dodging
 - Level 1.1(6.1) Stealth
 - Level 4.1 Invocations


You had 8 spell levels left.
You didn't know any spells.
Your spell library was empty.

Inventory:

Hand Weapons
 Y - a +0 shortbow (weapon)
Armour
 a - a +0 ring mail (worn)
 c - a +0 cloak (worn)
 f - a +0 pair of gloves (worn)
Jewellery
 b - an amulet of regeneration (around neck)
Scrolls
 h - a scroll of identify
Potions
 d - a potion of lignification {unknown}
 g - a potion of magic {unknown}
 i - a potion of resistance {unknown}
 j - 3 potions of curing
 k - a potion of haste {unknown}
 m - a potion of heal wounds {unknown}
 o - a potion of enlightenment {unknown}
 p - a potion of might {unknown}

Dungeon Overview and Level Annotations

Branches:
Dungeon (7/15)             Temple (0/1) D:6

Altars:
Dithmenos
Fedhas
Nemelex Xobeh
Okawaru
Qazlal
Sif Muna
Uskayaw
Vehumet
Yredelemnul

Shops:
D:2 (

Annotations:
D:5 2 transporters, qw's ghost, amateur GrHu
D:7 Maggie


Message History

Maggie misses you.
You shoot an arrow.
The arrow hits Maggie but does no damage.
Maggie is lightly wounded.
Maggie hits you from afar with the +9 lance "Wyrmbane" {slay drac, rPois rF+ rC+ AC+3}.
You shoot an arrow. The arrow hits Maggie!
Maggie is moderately wounded.
Maggie barely misses you.
You shoot an arrow. The arrow barely misses Maggie.
You shoot an arrow.
The arrow hits Maggie but does no damage.
Maggie is moderately wounded.
Maggie hits you from afar with the +9 lance "Wyrmbane" {slay drac, rPois rF+ rC+ AC+3}!
You shoot an arrow. The arrow hits Maggie.
Maggie is moderately wounded.
Maggie hits you but does no damage.
You shoot an arrow.
The arrow hits Maggie but does no damage.
Maggie is moderately wounded.
Maggie casts a spell.
Maggie draws you further into her thrall.
You shoot an arrow. The arrow barely misses Maggie.
Maggie gestures wildly while chanting.
Maggie draws you further into her thrall.
You shoot an arrow. The arrow hits Maggie.
Maggie is heavily wounded.
You shoot an arrow. The arrow closely misses Maggie.
Maggie hits you from afar with the +9 lance "Wyrmbane" {slay drac, rPois rF+ rC+ AC+3}.
You shoot an arrow. The arrow hits Maggie!
Maggie is severely wounded.
Maggie hits you from afar with the +9 lance "Wyrmbane" {slay drac, rPois rF+ rC+ AC+3}!
4658 ||| READING scroll of teleportation.
As you read the scroll of teleportation, it crumbles to dust.
You feel strangely unstable.
Maggie casts a spell.
Maggie draws you further into her thrall.
You shoot an arrow. The arrow hits Maggie.
Maggie is severely wounded.
Maggie hits you from afar with the +9 lance "Wyrmbane" {slay drac, rPois rF+ rC+ AC+3}!
You die...

####
###+###..#
#.......<#
#........# #
##..###..#
####.
###..######
......#......#
.....@'@.....#
..##..#......#
#. ##....## #
######


You could see Maggie (mesmerising).

Vanquished Creatures
  Sigmund (D:6)
  Edmund (D:6)
  A water moccasin (D:7)
  A sky beast (D:4)
  An ice beast (D:6)
  5 ogres
  A bullfrog (D:6)
  A scorpion (D:5)
  A bullfrog zombie (D:5)
  A jelly (D:4)
  A centaur zombie (D:5)
  2 orc priests
  2 hounds (D:6)
  2 sleepcaps
  2 iguanas
  3 orc wizards
  A scorpion zombie (D:5)
  A hound zombie (D:5)
  A howler monkey zombie (D:5)
  8 gnolls (D:4)
  4 adders
  2 white imps
  2 ufetubi
  An adder zombie (D:5)
  A dart slug (D:5)
  15 orcs
  6 ball pythons
  A bat (D:3)
  3 endoplasms
  2 giant cockroaches (D:3)
  7 goblins
  7 hobgoblins
  2 jackals (D:2)
  A quokka (D:1)
  4 frilled lizards
  5 kobolds
  5 rats
105 creatures vanquished.

Notes
Turn   | Place    | Note
-------+----------+-------------------------------------------
     0 | D:1      | qw the Gargoyle Hunter began the quest for the Orb.
     0 | D:1      | Reached XP level 1. HP: 12/12 MP: 1/1
     0 | D:1      | 0 ||| qw: Version: 0.3-a-75-g829b12e
     0 | D:1      | 0 ||| qw: Game counter: 42
     0 | D:1      | 0 ||| qw: Melee chars always use a shield: true
     0 | D:1      | 0 ||| qw: God list: Okawaru
     0 | D:1      | 0 ||| qw: Allow faded altars: false
     0 | D:1      | 0 ||| qw: Do Orc after clearing Dungeon:15 true
     0 | D:1      | 0 ||| qw: Do second Lair branch before Depths: true
     0 | D:1      | 0 ||| qw: Lair rune preference: random
     0 | D:1      | 0 ||| qw: Goals: Normal
     0 | D:1      | 0 ||| PLANNING D:1-11
   245 | D:1      | Reached XP level 2. HP: 17/17 MP: 2/2
   558 | D:1      | 558 ||| DROPPING scarf of harm.
   559 | D:1      | 559 ||| UPGRADING to amulet of the acrobat.
   564 | D:1      | 564 ||| READING scroll labelled EGEKYU JOZAWE.
   565 | D:1      | 565 ||| READING 3 scrolls labelled JAZUDU GOZA.
   568 | D:1      | 568 ||| READING scroll labelled ZYCRIORCHETAU.
   569 | D:1      | 569 ||| READING scroll labelled APORODEDGHAMYD.
   570 | D:1      | 570 ||| DRINKING 3 black potions.
   571 | D:1      | 571 ||| DROPPING scroll of butterflies.
   673 | D:2      | Found Todwuusi's Antique Weapon Shoppe.
   685 | D:2      | 685 ||| SHOPLISTING smoking orcbow (229 gold, have 72).
   732 | D:2      | Found a faded altar of an unknown god.
   900 | D:2      | Reached XP level 3. HP: 21/21 MP: 3/3
   901 | D:2      | Found a sparkling altar of Nemelex Xobeh.
  1000 | D:2      | 1000 ||| UPGRADING to +0 ring mail.
  1010 | D:2      | 1010 ||| DROPPING +0 leather armour.
  1011 | D:2      | 1011 ||| UPGRADING to amulet of regeneration.
  1021 | D:2      | 1021 ||| DROPPING amulet of the acrobat.
  1022 | D:2      | 1022 ||| READING scroll labelled RYDUIF SESEOC.
  1082 | D:3      | Reached skill level 1 in Armour
  1207 | D:3      | Reached skill level 5 in Ranged Weapons
  1376 | D:3      | You fall into a shaft and drop 2 floors!
  1376 | D:5      | Entered Level 5 of the Dungeon
  1405 | D:5      | Reached XP level 4. HP: 19/27 MP: 4/4
  1426 | D:5      | Reached skill level 3 in Fighting
  1454 | D:5      | 1454 ||| DROPPING ring of magical power.
  1455 | D:5      | 1455 ||| READING scroll labelled QEOCVI FENIBA.
  1456 | D:5      | 1456 ||| READING scroll labelled LOIH ECAMPORPHU.
  1457 | D:5      | 1457 ||| READING 2 scrolls labelled DYIMEG QAIMUH.
  1458 | D:5      | 1458 ||| DROPPING scroll of revelation.
  1523 | D:4      | 1523 ||| Stepping ~*~*~tactically~*~*~ (outnumbered).
  1563 | D:4      | Found a shimmering blue altar of Sif Muna.
  1640 | D:4      | Found a stormy altar of Qazlal.
  1640 | D:4      | Noticed a sky beast
  1641 | D:4      | 1641 ||| FLEEEEING.
  1642 | D:4      | 1642 ||| RETREATING.
  1645 | D:4      | 1645 ||| Stepping ~*~*~tactically~*~*~ (retreating).
  1646 | D:4      | 1646 ||| Stepping ~*~*~tactically~*~*~ (retreating).
  1647 | D:4      | 1647 ||| Stepping ~*~*~tactically~*~*~ (retreating).
  1648 | D:4      | 1648 ||| Stepping ~*~*~tactically~*~*~ (retreating).
  1649 | D:4      | 1649 ||| Stepping ~*~*~tactically~*~*~ (retreating).
  1667 | D:4      | HP: 6/28 [something (2)]
  1668 | D:4      | Reached XP level 5. HP: 7/32 MP: 5/5
  1668 | D:4      | 1668 ||| READING 2 scrolls of teleportation.
  1689 | D:4      | 1689 ||| Stepping randomly (disturbance).
  1691 | D:4      | Killed a sky beast
  1692 | D:4      | Reached skill level 6 in Ranged Weapons
  1710 | D:4      | Reached XP level 6. HP: 37/37 MP: 6/6
  2087 | D:3      | 2087 ||| UPGRADING to +0 cloak.
  2865 | D:4      | Found an iron altar of Okawaru.
  2866 | D:4      | 2866 ||| PLANNING OKAWARU WORSHIP
  2866 | D:4      | 2866 ||| UPGRADING to +0 pair of gloves.
  2871 | D:4      | 2871 ||| READING scroll labelled PEEQEIMUMUO.
  2879 | D:4      | Became a worshipper of Warmaster Okawaru
  2880 | D:4      | 2880 ||| PLANNING D:1-11
  2901 | D:5      | 2901 ||| STAIRDANCE
  2905 | D:5      | 2905 ||| STAIRDANCE
  2909 | D:5      | 2909 ||| STAIRDANCE
  2913 | D:5      | 2913 ||| STAIRDANCE
  2917 | D:5      | 2917 ||| STAIRDANCE
  2932 | D:5      | 2932 ||| STAIRDANCE
  2939 | D:5      | 2939 ||| STAIRDANCE
  2943 | D:5      | 2943 ||| STAIRDANCE
  2947 | D:5      | 2947 ||| STAIRDANCE
  2951 | D:5      | 2951 ||| STAIRDANCE
  2959 | D:5      | 2959 ||| STAIRDANCE
  2963 | D:5      | 2963 ||| STAIRDANCE
  2967 | D:5      | 2967 ||| STAIRDANCE
  2971 | D:5      | 2971 ||| STAIRDANCE
  2975 | D:5      | 2975 ||| STAIRDANCE
  2979 | D:5      | 2979 ||| STAIRDANCE
  2983 | D:5      | 2983 ||| STAIRDANCE
  2999 | D:4      | Reached skill level 7 in Ranged Weapons
  3009 | D:5      | 3009 ||| STAIRDANCE
  3013 | D:5      | 3013 ||| STAIRDANCE
  3021 | D:5      | 3021 ||| STAIRDANCE
  3042 | D:5      | Found a transporter.
  3045 | D:5      | Noticed qw's ghost (amateur GrHu)
  3049 | D:5      | Found a transporter.
  3061 | D:5      | Found a sparkling altar of Nemelex Xobeh.
  3088 | D:5      | Reached XP level 7. HP: 44/44 MP: 7/7
  3106 | D:5      | Reached skill level 3 in Armour
  3218 | D:5      | 3218 ||| Stepping ~*~*~tactically~*~*~ (outnumbered).
  3223 | D:5      | 3223 ||| Stepping ~*~*~tactically~*~*~ (outnumbered).
  3224 | D:5      | 3224 ||| Stepping ~*~*~tactically~*~*~ (outnumbered).
  3225 | D:5      | 3225 ||| Stepping ~*~*~tactically~*~*~ (outnumbered).
  3266 | D:5      | 3266 ||| DRINKING 4 potions of curing.
  3266 | D:5      | 3266 ||| (to cure confusion)
  3476 | D:5      | Found a blossoming altar of Fedhas.
  3476 | D:5      | Found a hide-covered altar of Uskayaw.
  3561 | D:5      | Found a basalt altar of Yredelemnul.
  3585 | D:5      | Reached * piety under Okawaru
  3619 | D:5      | 3619 ||| READING 2 scrolls labelled ZEINOF HAWA.
  3634 | D:6      | 3634 ||| STAIRDANCE
  3639 | D:5      | Reached skill level 1 in Invocations
  3670 | D:6      | 3670 ||| INVOKING Heroism.
  3680 | D:6      | Reached skill level 8 in Ranged Weapons
  3680 | D:6      | Reached XP level 8. HP: 42/48 MP: 7/9
  3706 | D:6      | Found a shadowy altar of Dithmenos.
  3728 | D:6      | 3728 ||| INVOKING Heroism.
  3827 | D:6      | Found a staircase to the Ecumenical Temple.
  3872 | D:6      | 3872 ||| INVOKING Heroism.
  3881 | D:6      | Reached skill level 3 in Invocations
  3989 | D:6      | 3989 ||| INVOKING Heroism.
  4116 | D:6      | Noticed Edmund
  4117 | D:6      | 4117 ||| INVOKING Heroism.
  4146 | D:6      | Killed Edmund
  4147 | D:6      | Reached skill level 9 in Ranged Weapons
  4180 | D:6      | Noticed Sigmund
  4181 | D:6      | 4181 ||| INVOKING Heroism.
  4193 | D:6      | Killed Sigmund
  4194 | D:6      | Reached skill level 6 in Fighting
  4269 | D:6      | Found a radiant altar of Vehumet.
  4342 | D:6      | 4342 ||| INVOKING Heroism.
  4350 | D:6      | Reached XP level 9. HP: 49/55 MP: 8/11
  4573 | D:6      | 4573 ||| READING scroll labelled IGHEGE ANITIT.
  4574 | D:6      | 4574 ||| READING scroll labelled SIECWA XESO.
  4628 | D:7      | Noticed Maggie
  4633 | D:7      | 4633 ||| INVOKING Heroism.
  4657 | D:7      | HP: 7/55 [Maggie/the +9 lance "Wyrmbane" {slay drac, rPois
                  | rF+ rC+ AC+3} (8)]
  4658 | D:7      | 4658 ||| READING scroll of teleportation.
  4659 | D:7      | Slain by Maggie

Levels and vault maps discovered:
D:1:      lightli_arrival_noodles, layout_basic
D:2:      layout_basic, serial_shops, shop, shapermc_ecumenical_altar_ellora,
          basic_altar
D:3:      layout_loops_cross, roderic_serpentine_path,
          kennysheep_generic_room_13
D:4:      layout_loops_corners, okawaru_altar_gauntlet_db,
          mainiacjoe_overflow_alcove_1, nicolae_qazlal_beasts_of_the_sky
D:5:      layout_cave_pools, nicolae_yredelemnul_corpse_copse,
          nemelex_xobeh_ov_fountains_minmay, gammafunk_temple_overflow_statue,
          gammafunk_ghost_mausoleum, nrook_campfire,
          ebering_dispersal_statue_hall, glass_columns_c
D:6:      layout_loops_ring, nicolae_dithmenos_through_a_glass_darkly,
          marbit_many_paths, minmay_temple_entry_waves, sigmund_edmund_badplayer
D:7:      layout_gridville, mainiacjoe_overflow_six_doors_small,
          ashenzari_altar_1, dreamdust_wishing_well, uniq_maggie

Skill      XL: |  1  2  3  4  5  6  7  8  9 |
---------------+----------------------------+-----
Armour         | 1 3 |  3.0
Ranged Weapons | 5 6 7 8 9 |  9.4
Fighting       | 3 4 6 |  6.2
Invocations    | 2 3 4 |  4.1
Dodging        | 2 |  2.0
Stealth        | |  1.1

Action                     |  1- 3 |  4- 6 |  7- 9 || total
---------------------------+-------+-------+-------++-------
   Fire: Shortbow          |    87 |   145 |   305 ||   537
 Invoke: Heroism           |       |       |     8 ||     8
    Use: Scroll            |     5 |     5 |     4 ||    14
         Potion            |     1 |       |     1 ||     2
 Armour: Leather armour    |     3 |       |       ||     3
         Ring mail         |    18 |    62 |   219 ||   299
  Dodge: Dodged            |    14 |    46 |   117 ||   177

Table legend:
 A = Non-vault XP
 B = Vault XP
 C = Vault XP percentage of total XP
 D = Non-vault monster count
 E = Vault monster count
 F = Vault count percentage of total count
                 A         B        C        D         E       F
            +---------+---------+-------+---------+---------+-------
      Total |    1787 |     732 |  29.1 |      88 |      17 |  16.2
            +---------+---------+-------+---------+---------+-------
        D:1 |      17 |       0 |   0.0 |      11 |       0 |   0.0
        D:2 |      19 |       0 |   0.0 |      12 |       0 |   0.0
        D:3 |      35 |       1 |   2.8 |      12 |       1 |   7.7
        D:4 |     346 |     159 |  31.5 |      23 |       7 |  23.3
        D:5 |     362 |     167 |  31.6 |      11 |       6 |  35.3
        D:6 |     856 |     405 |  32.1 |      17 |       3 |  15.0
        D:7 |     152 |       0 |   0.0 |       2 |       0 |   0.0
            +---------+---------+-------+---------+---------+-------
